[Event "Catalan Youth Championship 2024"]
[Site "Cambrils"]
[Date "2024.03.24"]
[Round "2.6"]
[White "Bru Montoya, Pau"]
[Black "Agadzhanyan, Sonya"]
[Result "1-0"]
[ECO "C06"]
[WhiteElo "1850"]
[BlackElo "1549"]
[Annotator "NA RC"]
[PlyCount "55"]
[EventDate "2024.03.13"]
[EventType "swiss"]
[EventCountry "ESP"]
[SourceTitle "playchess.com"]
[Source "ChessBase"]
[SourceQuality "1"]
[TimeControl "5400+30"]

1. e4 e6 2. d4 d5 3. Nd2 Nf6 4. e5 Nfd7 5. Bd3 c5 6. c3 Nc6 7. Ne2 Qb6 8. Nf3 Be7 9. O-O O-O 10. Nf4 cxd4 11. cxd4 Nb4 12. Bb1 f6 13. a3 Na6 14. Qd3 f5 15. Ba2 Rd8 16. Bxd5 exd5 17. Nxd5 Qe6 18. Nxe7+ Qxe7 19. Bg5 Qe8 20. Bxd8 Qxd8 21. Rfe1 Ndc5 22. Qd1 Ne4 23. Qb3+ Kf8 24. Rac1 Bd7 25. Qxb7 Rb8 26. Qxa6 Rxb2 27. e6 Be8 28. Qxa7 1-0

[Event "Catalan Youth Championship 2024"]
[Site "Cambrils"]
[Date "2024.03.24"]
[Round "2.7"]
[White "Fumado Garcia, Eugeni"]
[Black "Perez Vidal, Ian"]
[Result "0-1"]
[ECO "A56"]
[WhiteElo "1539"]
[BlackElo "1828"]
[Annotator "NA COMBH"]
[PlyCount "44"]
[EventDate "2024.03.13"]
[EventType "swiss"]
[EventCountry "ESP"]
[SourceTitle "playchess.com"]
[Source "ChessBase"]
[SourceQuality "1"]
[TimeControl "5400+30"]

1. d4 Nf6 2. c4 c5 3. d5 d6 4. b3 g6 5. Bb2 Bg7 6. Nf3 b5 7. cxb5 a6 8. e3 axb5 9. Bxb5+ Bd7 10. Bxd7+ Qxd7 11. Nbd2 O-O 12. O-O Nxd5 13. Bxg7 Kxg7 14. Nc4 Nc3 15. Qd2 Ne4 16. Qb2+ Nf6 17. Nb6 Qb7 18. Nxa8 Qxa8 19. Nd2 h5 20. Rfc1 h4 21. Rc4 h3 22. g3 Qg2# 0-1

[Event "Catalan Youth Championship 2024"]
[Site "Cambrils"]
[Date "2024.03.24"]
[Round "2.8"]
[White "Hijarrubia Alvarez-Cuevas, Gonzalo"]
[Black "Casanovas Prats, Ibai"]
[Result "1-0"]
[ECO "B80"]
[WhiteElo "1827"]
[BlackElo "1540"]
[Annotator "NA RC"]
[PlyCount "59"]
[EventDate "2024.03.13"]
[EventType "swiss"]
[EventCountry "ESP"]
[SourceTitle "playchess.com"]
[Source "ChessBase"]
[SourceQuality "1"]
[TimeControl "5400+30"]

1. e4 c5 2. Nf3 d6 3. d4 cxd4 4. Nxd4 Nf6 5. Nc3 a6 6. f3 e6 7. Be3 Be7 8. Qd2 O-O 9. g4 Nc6 10. O-O-O Nd7 11. h4 Nde5 12. Qf2 Bd7 13. Be2 Na5 14. Qg3 Nec4 15. Bxc4 Nxc4 16. Bf2 Rc8 17. f4 Qc7 18. g5 g6 19. h5 b5 20. hxg6 fxg6 21. Qh3 Rf7 22. Nxe6 Bxe6 23. Qxe6 Nxb2 24. Rxh7 Bxg5 25. Qxg6+ Rg7 26. Qxg7+ Qxg7 27. Rxg7+ Kxg7 28. Bd4+ Bf6 29. Bxf6+ Kxf6 30. Kxb2 1-0

[Event "Catalan Youth Championship 2024"]
[Site "Cambrils"]
[Date "2024.03.24"]
[Round "2.9"]
[White "Palahi Hervas, Dalmau"]
[Black "Uber Gracia, Hugo"]
[Result "0-1"]
[ECO "D04"]
[WhiteElo "1749"]
[BlackElo "2237"]
[Annotator "RC"]
[PlyCount "78"]
[EventDate "2024.03.13"]
[EventType "swiss"]
[EventCountry "ESP"]
[SourceTitle "playchess.com"]
[Source "ChessBase"]
[SourceQuality "1"]
[TimeControl "5400+30"]

1. d4 d5 2. Nf3 Nf6 3. e3 c6 4. Bd3 Bg4 5. h3 Bh5 6. b3 e6 7. Bb2 Bd6 8. Nbd2 Nbd7 9. Qc1 Qb8 10. c4 O-O 11. Qc2 Re8 12. cxd5 exd5 13. Rc1 a5 14. O-O a4 15. Rb1 a3 16. Ba1 Qd8 17. b4 Qe7 18. b5 Rec8 19. bxc6 bxc6 20. Rb7 Qe8 21. Rc1 c5 22. Bb5 cxd4 23. Qd1 Rxc1 24. Qxc1 dxe3 25. Nb3 exf2+ 26. Kxf2 Qd8 27. Bxd7 Nxd7 28. Qc6 Nf8 29. g4 Rc8 30. Qb5 Bg6 31. Bd4 Be4 32. Nbd2 Ne6 33. Qd7 Qxd7 34. Rxd7 Nxd4 35. Nxe4 dxe4 36. Nxd4 Bc5 37. Ke3 g6 38. Kxe4 Bxd4 39. Kxd4 Rc2 0-1

[Event "Catalan Youth Championship 2024"]
[Site "Cambrils"]
[Date "2024.03.24"]
[Round "2.10"]
[White "Prada Villagrasa, Pau Manel"]
[Black "Puerto Fernandez, Eloi"]
[Result "1-0"]
[ECO "C41"]
[WhiteElo "2103"]
[BlackElo "1773"]
[Annotator "RC"]
[PlyCount "91"]
[EventDate "2024.03.13"]
[EventType "swiss"]
[EventCountry "ESP"]
[SourceTitle "playchess.com"]
[Source "ChessBase"]
[SourceQuality "1"]
[TimeControl "5400+30"]

1. e4 d6 2. d4 Nf6 3. Nc3 e5 4. Nf3 Nbd7 5. h3 Be7 6. Be3 O-O 7. Qd2 c6 8. O-O-O b5 9. Bd3 a5 10. g4 exd4 11. Nxd4 Bb7 12. g5 Ne8 13. f4 b4 14. Nce2 c5 15. Nf5 c4 16. Bxc4 Bxe4 17. Neg3 Bxh1 18. Rxh1 Kh8 19. Bd4 f6 20. Re1 Ne5 21. gxf6 Bxf6 22. fxe5 dxe5 23. Bxe5 Bg5 24. Bf4 Qxd2+ 25. Bxd2 Bxd2+ 26. Kxd2 g6 27. Ne3 Rd8+ 28. Bd3 Rf3 29. Rg1 Nd6 30. Ke2 Rf6 31. b3 Re8 32. Ngf1 Ne4 33. Bxe4 Rxe4 34. Nd2 Re8 35. Ndc4 Rc6 36. Rg5 a4 37. Rb5 axb3 38. axb3 Re4 39. Rxb4 Rh4 40. Ne5 Rxb4 41. Nxc6 Rh4 42. b4 Rxh3 43. b5 Rh1 44. b6 Rb1 45. Nd5 h5 46. Ndb4 1-0

[Event "Catalan Youth Championship 2024"]
[Site "Cambrils"]
[Date "2024.03.24"]
[Round "2.11"]
[White "Martinez Marcos, Erik"]
[Black "Herman Gamazo, Isaac"]
[Result "0-1"]
[ECO "E67"]
[WhiteElo "1739"]
[BlackElo "2096"]
[Annotator "NA RC"]
[PlyCount "42"]
[EventDate "2024.03.13"]
[EventType "swiss"]
[EventCountry "ESP"]
[SourceTitle "playchess.com"]
[Source "ChessBase"]
[SourceQuality "1"]
[TimeControl "5400+30"]

1. d4 Nf6 2. Nf3 d6 3. c4 c5 4. g3 g6 5. Bg2 Bg7 6. Nc3 Nbd7 7. O-O O-O 8. e4 a6 9. a4 Rb8 10. Be3 Qa5 11. Qc1 Rd8 12. Bh6 Bh8 13. e5 cxd4 14. exf6 dxc3 15. fxe7 Re8 16. Ng5 Rxe7 17. Re1 cxb2 18. Rxe7 Qd8 19. Rxd7 Bxd7 20. Qf4 bxa1=Q+ 21. Bf1 Qdf6 0-1

[Event "Catalan Youth Championship 2024"]
[Site "Cambrils"]
[Date "2024.03.24"]
[Round "2.12"]
[White "Alonso Gimenez, Mauro"]
[Black "Sala Martin, Guillem"]
[Result "1/2-1/2"]
[ECO "B30"]
[WhiteElo "1980"]
[BlackElo "1767"]
[Annotator "RC"]
[PlyCount "108"]
[EventDate "2024.03.13"]
[EventType "swiss"]
[EventCountry "ESP"]
[SourceTitle "playchess.com"]
[Source "ChessBase"]
[SourceQuality "1"]
[TimeControl "5400+30"]

1. e4 c5 2. Nc3 e6 3. Nf3 Nc6 4. Bb5 Nge7 5. O-O g6 6. d4 cxd4 7. Nxd4 Bg7 8. Be3 O-O 9. f4 a6 10. Bxc6 dxc6 11. Nb3 Qc7 12. Qf3 b6 13. Nd2 Bb7 14. a4 c5 15. Qf2 a5 16. Qh4 f5 17. Nb5 Qd8 18. Rad1 fxe4 19. Nxe4 Nd5 20. Qh3 Qe7 21. Rfe1 Nxf4 22. Bxf4 Rxf4 23. Ned6 e5 24. Nxb7 Qxb7 25. Rd7 Qc6 26. Nc7 Ra7 27. Rxg7+ Kxg7 28. Ne6+ Kg8 29. Nxf4 exf4 30. Qe6+ Qxe6 31. Rxe6 Rd7 32. Rxb6 Rd1+ 33. Kf2 Rd2+ 34. Kf3 Rxc2 35. Rb5 c4 36. h4 h5 37. Rxa5 Rxb2 38. Rc5 Rc2 39. a5 Ra2 40. Rxc4 Rxa5 41. Rxf4 Kg7 42. Rb4 Kf6 43. Kf4 Rf5+ 44. Ke4 Re5+ 45. Kf3 Rf5+ 46. Rf4 Ke5 47. Rxf5+ Kxf5 48. g4+ hxg4+ 49. Kg3 Kf6 50. Kxg4 Kf7 51. Kf3 Kf6 52. Kf4 Kf7 53. Ke5 Ke7 54. Ke4 Ke6 1/2-1/2

[Event "Catalan Youth Championship 2024"]
[Site "Cambrils"]
[Date "2024.03.24"]
[Round "2.13"]
[White "Salinas Tomas, Daniel"]
[Black "Silva Cerda, Mark Valentin"]
[Result "1-0"]
[ECO "B51"]
[WhiteElo "2386"]
[BlackElo "1900"]
[Annotator "RC"]
[PlyCount "123"]
[EventDate "2024.03.13"]
[EventType "swiss"]
[EventCountry "ESP"]
[SourceTitle "playchess.com"]
[Source "ChessBase"]
[SourceQuality "1"]
[TimeControl "5400+30"]

1. e4 c5 2. Nf3 d6 3. Bb5+ Nd7 4. c3 Ngf6 5. Qe2 a6 6. Ba4 b5 7. Bc2 Bb7 8. O-O e6 9. a4 Be7 10. d4 O-O 11. Rd1 Qb8 12. Bf4 Re8 13. Na3 e5 14. dxe5 dxe5 15. Bg3 Bc6 16. Nd2 c4 17. Nf1 Nc5 18. f3 Ne6 19. Ne3 Bc5 20. Bf2 Nf4 21. Qf1 Qb6 22. Nf5 g6 23. Nd6 Red8 24. Bxc5 Qxc5+ 25. Qf2 Qxf2+ 26. Kxf2 Kf8 27. g3 Ne6 28. Rd2 Ke7 29. Rad1 Rab8 30. Ke3 Ne8 31. Nxe8 Bxe8 32. Rxd8 Rxd8 33. Rxd8 Kxd8 34. axb5 axb5 35. b3 cxb3 36. Bxb3 Nc5 37. Bd1 Kc7 38. Be2 Kb6 39. Nc2 Na4 40. Kd2 Kc5 41. Nb4 Nb6 42. Bd1 Bd7 43. Bb3 Be6 44. Bxe6 fxe6 45. Nd3+ Kd6 46. Nf2 Nc4+ 47. Ke2 Nb2 48. Kd2 Nc4+ 49. Ke2 Nb2 50. Ng4 h5 51. Ne3 Kc5 52. f4 Nc4 53. Ng2 Kd6 54. Nh4 exf4 55. gxf4 g5 56. fxg5 Ke5 57. Nf3+ Kd6 58. Nd4 Ke7 59. Nxb5 Ne5 60. Nd4 Nf7 61. Nf3 Nh8 62. Ne5 1-0

[Event "Catalan Youth Championship 2024"]
[Site "Cambrils"]
[Date "2024.03.24"]
[Round "2.14"]
[White "Bergaretxe Gavalda, Unai"]
[Black "Montes Molina, Ivan"]
[Result "1-0"]
[ECO "E62"]
[WhiteElo "1921"]
[BlackElo "2100"]
[Annotator "RC"]
[PlyCount "131"]
[EventDate "2024.03.13"]
[EventType "swiss"]
[EventCountry "ESP"]
[SourceTitle "playchess.com"]
[Source "ChessBase"]
[SourceQuality "1"]
[TimeControl "5400+30"]

1. d4 Nf6 2. c4 g6 3. Nf3 Bg7 4. g3 O-O 5. Bg2 d6 6. O-O c6 7. Nc3 Bf5 8. Re1 Ne4 9. Nxe4 Bxe4 10. b3 d5 11. Bb2 a5 12. Qd2 Nd7 13. Rec1 Re8 14. Qf4 f6 15. cxd5 cxd5 16. Qc7 Bh6 17. e3 b5 18. Qxd8 Rexd8 19. Rc7 a4 20. bxa4 Rxa4 21. a3 Nb6 22. Nd2 Bxg2 23. Kxg2 Bf8 24. Nb3 Nc4 25. Bc1 e6 26. Rb7 b4 27. axb4 Rxa1 28. Nxa1 Ra8 29. Nb3 Ra2 30. Rb8 Rc2 31. g4 Rc3 32. Nc5 Kf7 33. Nxe6 Kxe6 34. Rxf8 Rxc1 35. Rh8 Rb1 36. h4 h5 37. Rh6 hxg4 38. Rxg6 Kf5 39. Rg8 Rxb4 40. Kg3 Rb1 41. Rd8 Nb6 42. Rb8 Rb2 43. Rg8 Nc4 44. Rd8 Nb6 45. Rg8 Na4 46. h5 Nc3 47. h6 Ne4+ 48. Kg2 Rxf2+ 49. Kg1 Rf3 50. h7 Rg3+ 51. Kf1 Nd2+ 52. Ke1 Rh3 53. h8=Q Rxh8 54. Rxh8 Ne4 55. Rg8 g3 56. Ke2 Ng5 57. Rd8 Kg4 58. Rxd5 Kh3 59. Ra5 g2 60. Ra1 Kh2 61. Kf2 f5 62. d5 Ne4+ 63. Kf3 Nd2+ 64. Kf2 Ne4+ 65. Kf3 Ng3 66. Ra2 1-0

[Event "Catalan Youth Championship 2024"]
[Site "Cambrils"]
[Date "2024.03.24"]
[Round "2.15"]
[White "Aleksanyan Israilyan, Nicolas"]
[Black "Tarrago Plaza, Marc"]
[Result "1-0"]
[ECO "C16"]
[WhiteElo "2045"]
[BlackElo "1894"]
[Annotator "NA RC"]
[PlyCount "119"]
[EventDate "2024.03.13"]
[EventType "swiss"]
[EventCountry "ESP"]
[SourceTitle "playchess.com"]
[Source "ChessBase"]
[SourceQuality "1"]
[TimeControl "5400+30"]

1. e4 e6 2. d4 d5 3. Nc3 Bb4 4. e5 b6 5. Qg4 Bf8 6. h4 Ba6 7. h5 Bxf1 8. Kxf1 Qd7 9. Nf3 Ne7 10. Bg5 Nf5 11. Nh4 h6 12. Bd2 Nxh4 13. Rxh4 c5 14. Ne2 cxd4 15. Nxd4 Nc6 16. Nxc6 Qxc6 17. Qa4 Qxa4 18. Rxa4 f5 19. Be3 Bc5 20. Bxc5 bxc5 21. Ra5 c4 22. c3 O-O 23. Ra6 Kf7 24. f4 Rfb8 25. Rb1 Rb6 26. Ra5 a6 27. b4 cxb3 28. Rxb3 Rab8 29. Raa3 g6 30. Rxa6 Rxa6 31. Rxb8 gxh5 32. Rb7+ Kg6 33. Re7 h4 34. a3 Kh5 35. Kf2 Kg4 36. Ke3 Rxa3 37. Rxe6 Rxc3+ 38. Kd4 Rc4+ 39. Kxd5 Rxf4 40. Rxh6 Kg3 41. e6 Rf2 42. Rg6+ Kh2 43. e7 Rd2+ 44. Kc6 Re2 45. Kd7 Rd2+ 46. Rd6 Re2 47. Re6 Rd2+ 48. Kc6 Rc2+ 49. Kd5 Rc8 50. Rg6 Ra8 51. Ke5 f4 52. Kxf4 Ra4+ 53. Kf5 Ra5+ 54. Kf6 Ra6+ 55. Kf7 Rxg6 56. Kxg6 Kxg2 57. e8=Q h3 58. Qe2+ Kh1 59. Qf3+ Kh2 60. Qg4 1-0

[Event "Catalan Youth Championship 2024"]
[Site "Cambrils"]
[Date "2024.03.24"]
[Round "2.16"]
[White "Lambert Pont, James"]
[Black "Clotet Mas, Dan"]
[Result "1/2-1/2"]
[ECO "D31"]
[WhiteElo "1897"]
[BlackElo "2028"]
[Annotator "NA RC"]
[PlyCount "43"]
[EventDate "2024.03.13"]
[EventType "swiss"]
[EventCountry "ESP"]
[SourceTitle "playchess.com"]
[Source "ChessBase"]
[SourceQuality "1"]
[TimeControl "5400+30"]

1. d4 d5 2. c4 e6 3. Nc3 a6 4. cxd5 exd5 5. Bf4 Nf6 6. e3 Bd6 7. Bg5 Be6 8. Bd3 h6 9. Bh4 g5 10. Bg3 c6 11. a3 Qc7 12. Rc1 Nbd7 13. Nge2 Nh5 14. Nxd5 Bxd5 15. e4 Nxg3 16. hxg3 Be6 17. d5 Bg4 18. f3 Bxg3+ 19. Kf1 Nf6 20. dxc6 bxc6 21. fxg4 Nxg4 22. Qa4 1/2-1/2

[Event "Catalan Youth Championship 2024"]
[Site "Cambrils"]
[Date "2024.03.24"]
[Round "2.17"]
[White "Parra Ordorica, Arnau"]
[Black "Ano Pla, Gerard"]
[Result "0-1"]
[ECO "E11"]
[WhiteElo "1976"]
[BlackElo "2230"]
[Annotator "RC"]
[PlyCount "104"]
[EventDate "2024.03.13"]
[EventType "swiss"]
[EventCountry "ESP"]
[SourceTitle "playchess.com"]
[Source "ChessBase"]
[SourceQuality "1"]
[TimeControl "5400+30"]

1. d4 d5 2. c4 e6 3. Nf3 Nf6 4. g3 Bb4+ 5. Bd2 Be7 6. Bg2 O-O 7. O-O c6 8. b3 Nbd7 9. Nc3 b6 10. e4 Nxe4 11. Nxe4 dxe4 12. Ne5 Nxe5 13. dxe5 Qc7 14. Bxe4 Rd8 15. Qc2 h6 16. Be3 Bb7 17. c5 Rd7 18. f4 Rad8 19. b4 bxc5 20. bxc5 Ba6 21. Rfd1 Qa5 22. Kg2 Rxd1 23. Rxd1 Rxd1 24. Qxd1 Qxa2+ 25. Kh3 Bb5 26. f5 exf5 27. Bxf5 g6 28. Bd7 h5 29. e6 f6 30. Qf3 Be2 31. Qf2 Bg4+ 32. Kg2 Qd5+ 33. Kg1 Bh3 34. Qc2 Kg7 35. Be8 Bf5 36. Qg2 Qxe6 37. Qf3 Be4 38. Qf4 g5 39. Qc7 Bd5 40. Kf2 Qf5+ 41. Ke1 Qe4 42. Kd2 Qb4+ 43. Ke2 Qb2+ 44. Bd2 Qb5+ 45. Ke1 Qb1+ 46. Kf2 Qf5+ 47. Ke1 Qe4+ 48. Kf2 Qg2+ 49. Ke3 Qe4+ 50. Kf2 Qf3+ 51. Ke1 Qe4+ 52. Kf2 Kf8 0-1

[Event "Catalan Youth Championship 2024"]
[Site "Cambrils"]
[Date "2024.03.24"]
[Round "2.18"]
[White "Sanchez Aguilar, Arnau"]
[Black "Boix Redorta, Roc"]
[Result "1/2-1/2"]
[ECO "B48"]
[WhiteElo "2168"]
[BlackElo "1957"]
[Annotator "RC"]
[PlyCount "78"]
[EventDate "2024.03.13"]
[EventType "swiss"]
[EventCountry "ESP"]
[SourceTitle "playchess.com"]
[Source "ChessBase"]
[SourceQuality "1"]
[TimeControl "5400+30"]

1. e4 c5 2. Nf3 Nc6 3. d4 cxd4 4. Nxd4 Nf6 5. Nc3 e6 6. a3 Qc7 7. Be3 a6 8. f3 b5 9. Be2 Rb8 10. O-O Bd6 11. f4 Nxd4 12. Qxd4 e5 13. Qd2 exf4 14. Bxf4 Bxf4 15. Rxf4 Bb7 16. Raf1 O-O 17. Rxf6 gxf6 18. Rxf6 Qc5+ 19. Kh1 Rbe8 20. Bd3 Re5 21. Qf4 d6 22. h3 Qc7 23. Nd5 Bxd5 24. exd5 Qe7 25. Qh6 Re1+ 26. Kh2 Qe5+ 27. g3 Re2+ 28. Bxe2 Qxe2+ 29. Kg1 Qd1+ 30. Rf1 Qxd5 31. Qe3 Rc8 32. c3 Kg7 33. Kh2 Rc4 34. Rf2 Qe5 35. Qa7 Qd5 36. Qxa6 Re4 37. Qc8 Re1 38. Qg4+ Kf8 39. Qc8+ Kg7 1/2-1/2

[Event "Catalan Youth Championship 2024"]
[Site "Cambrils"]
[Date "2024.03.24"]
[Round "2.19"]
[White "Catalan Monteagudo, Elm"]
[Black "Garcia Caro, Juan Alber"]
[Result "1/2-1/2"]
[ECO "E07"]
[WhiteElo "1954"]
[BlackElo "2128"]
[Annotator "RC"]
[PlyCount "165"]
[EventDate "2024.03.13"]
[EventType "swiss"]
[EventCountry "ESP"]
[SourceTitle "playchess.com"]
[Source "ChessBase"]
[SourceQuality "1"]
[TimeControl "5400+30"]

1. d4 d5 2. c4 e6 3. Nf3 Nf6 4. g3 Bb4+ 5. Bd2 Be7 6. Bg2 O-O 7. O-O Nbd7 8. cxd5 exd5 9. Bf4 c6 10. Nc3 Re8 11. a3 Nf8 12. Ne5 Ng6 13. Nxg6 hxg6 14. f3 Nh5 15. e4 Nxf4 16. gxf4 Be6 17. Qd3 Qd7 18. Rad1 Red8 19. Kh1 Bf6 20. f5 gxf5 21. e5 Be7 22. f4 c5 23. Ne2 Rac8 24. Rf3 cxd4 25. Nxd4 Rc4 26. Bh3 g6 27. Rg3 Kf8 28. Bg2 Rc7 29. Bf3 Bc5 30. Nb5 Rcc8 31. b4 a6 32. Nc3 d4 33. bxc5 dxc3 34. Qxc3 Qa4 35. Rxd8+ Rxd8 36. Qb4 Qxb4 37. axb4 Bd5 38. Bxd5 Rxd5 39. Rb3 Rd4 40. b5 axb5 41. Rxb5 Rxf4 42. Rxb7 Rc4 43. Rc7 Re4 44. c6 Rxe5 45. Kg2 Rc5 46. Kg3 Ke8 47. Kf4 f6 48. h4 Rc4+ 49. Kg3 Kd8 50. Rg7 Rxc6 51. Rxg6 Ke7 52. h5 Rc1 53. Rg7+ Kf8 54. Ra7 Rh1 55. Kf4 Rxh5 56. Rb7 Rg5 57. Ra7 Rg7 58. Ra8+ Kf7 59. Kxf5 Rg5+ 60. Kf4 Rb5 61. Ra7+ Kg6 62. Ra6 Rb4+ 63. Kf3 Kg5 64. Kf2 f5 65. Ra3 Rb2+ 66. Kf3 Rh2 67. Kg3 Rh1 68. Kf2 Rh4 69. Ra5 Kg4 70. Kf1 Rh2 71. Kg1 Rb2 72. Kf1 f4 73. Ra3 Rb1+ 74. Kf2 Rb2+ 75. Kf1 Rb5 76. Kf2 Rb2+ 77. Kf1 Kf5 78. Ra5+ Ke4 79. Ra4+ Kf3 80. Ra3+ Kg4 81. Rc3 Rd2 82. Ra3 Rh2 83. Kg1 1/2-1/2

[Event "Catalan Youth Championship 2024"]
[Site "Cambrils"]
[Date "2024.03.24"]
[Round "2.20"]
[White "Funes Ostos, Aitor"]
[Black "Lobo Pereira, Arami"]
[Result "1-0"]
[ECO "E14"]
[WhiteElo "2125"]
[BlackElo "1947"]
[Annotator "RC"]
[PlyCount "73"]
[EventDate "2024.03.13"]
[EventType "swiss"]
[EventCountry "ESP"]
[SourceTitle "playchess.com"]
[Source "ChessBase"]
[SourceQuality "1"]
[TimeControl "5400+30"]

1. c4 e6 2. Nf3 d5 3. e3 Nf6 4. Nc3 b6 5. b3 Bb7 6. Bb2 Nbd7 7. d4 Bd6 8. Bd3 a6 9. O-O O-O 10. cxd5 exd5 11. Ne2 Qe7 12. Ng3 g6 13. Rc1 Ne4 14. Qc2 f5 15. Ne2 c6 16. Ne1 Rae8 17. g3 Ndf6 18. f3 Ng5 19. Ng2 Nh3+ 20. Kh1 Qg7 21. Nef4 Qh6 22. Rce1 Nh5 23. Nxh5 Qxh5 24. f4 c5 25. dxc5 bxc5 26. Qc3 d4 27. Bc4+ Kg7 28. exd4 Rxe1 29. dxc5+ Be5 30. Qxe1 Bxb2 31. Qe7+ Kh6 32. Qxf8+ Bg7 33. Qe7 Be4 34. c6 Bd4 35. c7 Nf2+ 36. Rxf2 Bxf2 37. Qf8# 1-0

[Event "Catalan Youth Championship 2024"]
[Site "Cambrils"]
[Date "2024.03.24"]
[Round "2.21"]
[White "Rocamora Martorell, Ferran"]
[Black "Jurado Coderch, Heribert"]
[Result "0-1"]
[ECO "E01"]
[WhiteElo "2118"]
[BlackElo "1960"]
[Annotator "RC"]
[PlyCount "76"]
[EventDate "2024.03.13"]
[EventType "swiss"]
[EventCountry "ESP"]
[SourceTitle "playchess.com"]
[Source "ChessBase"]
[SourceQuality "1"]
[TimeControl "5400+30"]

1. Nf3 d5 2. c4 e6 3. g3 Nf6 4. Bg2 c6 5. O-O Nbd7 6. d4 Bd6 7. Nc3 dxc4 8. Nd2 Nb6 9. Na4 Nxa4 10. Qxa4 O-O 11. Qc2 b5 12. a4 Rb8 13. Bxc6 a6 14. Ne4 Nxe4 15. Bxe4 h6 16. Rd1 Qc7 17. Bd2 Bb7 18. axb5 Bxe4 19. Qxe4 axb5 20. Be3 Qb7 21. d5 Ra8 22. Rxa8 Qxa8 23. Qd4 e5 24. Qb6 Qa4 25. Qxd6 Qxd1+ 26. Kg2 Ra8 27. Qxe5 Ra1 28. Qe8+ Kh7 29. Qxf7 Qf1+ 30. Kf3 Qh1+ 31. Kf4 Qb1 32. Bd4 Qg6 33. Qf5 b4 34. d6 c3 35. bxc3 b3 36. c4 Rd1 37. Qxg6+ Kxg6 38. Be5 Rxd6 0-1

[Event "Catalan Youth Championship 2024"]
[Site "Cambrils"]
[Date "2024.03.24"]
[Round "2.22"]
[White "Pujol Biosca, Joan"]
[Black "Serrano Batova, Vicent"]
[Result "0-1"]
[ECO "B36"]
[WhiteElo "1979"]
[BlackElo "2104"]
[Annotator "RC"]
[PlyCount "74"]
[EventDate "2024.03.13"]
[EventType "swiss"]
[EventCountry "ESP"]
[SourceTitle "playchess.com"]
[Source "ChessBase"]
[SourceQuality "1"]
[TimeControl "5400+30"]

1. e4 c5 2. Nf3 Nc6 3. d4 cxd4 4. Nxd4 g6 5. c4 Nf6 6. Nc3 d6 7. Be2 Nxd4 8. Qxd4 Bg7 9. Be3 O-O 10. Qd3 a6 11. O-O Bd7 12. f4 b5 13. Bf3 Rb8 14. cxb5 axb5 15. Rfd1 b4 16. Ne2 Bb5 17. Qd2 Bxe2 18. Qxe2 Qa5 19. Bd4 Rfc8 20. e5 Ne8 21. exd6 Bxd4+ 22. Rxd4 Qa7 23. Qf2 Nxd6 24. Rd2 Rc5 25. g3 Rbc8 26. Kg2 Qa5 27. Re2 e6 28. Qd4 Nf5 29. Qf2 h5 30. Rd2 b3 31. a3 Qxd2 32. Qxd2 Rc2 33. Rd1 Ne3+ 34. Kg1 Nxd1 35. Qxd1 Rc1 36. Kf2 R8c2+ 37. Qe2 Rb1 0-1

[Event "Catalan Youth Championship 2024"]
[Site "Cambrils"]
[Date "2024.03.24"]
[Round "2.23"]
[White "Gomez Navais, Marcal"]
[Black "Vara Soler, Luis"]
[Result "1-0"]
[ECO "C45"]
[WhiteElo "2086"]
[BlackElo "1889"]
[Annotator "NA RC"]
[PlyCount "113"]
[EventDate "2024.03.13"]
[EventType "swiss"]
[EventCountry "ESP"]
[SourceTitle "playchess.com"]
[Source "ChessBase"]
[SourceQuality "1"]
[TimeControl "5400+30"]

1. e4 e5 2. Nf3 Nc6 3. d4 exd4 4. Nxd4 Bc5 5. Nb3 Bb6 6. Nc3 Nf6 7. Qe2 d6 8. Bg5 h6 9. Bh4 g5 10. Bg3 Qe7 11. O-O-O Be6 12. Kb1 O-O-O 13. h4 Kb8 14. f3 Nh5 15. Bf2 Nf4 16. Qe1 Bxf2 17. Qxf2 gxh4 18. Rxh4 Ng6 19. Rh5 Qf6 20. Qe3 Qf4 21. Qf2 Qf6 22. Nd4 Nge5 23. Nxc6+ Nxc6 24. Qe3 Rdg8 25. g4 Rg5 26. Rh2 Ra5 27. Be2 Ne5 28. Rdh1 a6 29. g5 Qd8 30. f4 Ng4 31. Bxg4 Bxg4 32. gxh6 Qe8 33. Qg3 f5 34. exf5 Bxf5 35. Re1 Qg6 36. Qh4 Rc5 37. Qe7 Qg3 38. Rhh1 Qxf4 39. Qg7 Rh7 40. Qg8+ Ka7 41. Ref1 Rxh6 42. Rhg1 Qd2 43. Qb3 Rh2 44. Rc1 Qf2 45. Rgf1 Qg2 46. Qa4 b5 47. Qb3 b4 48. Qxb4 Bxc2+ 49. Ka1 Bd3 50. Rf4 Qd2 51. Rg1 Rg2 52. Rh1 Qe3 53. Rf8 Rg1+ 54. Nb1 Rb5 55. Qh4 Qc1 56. Qf2+ Kb7 57. Rxg1 1-0

[Event "Catalan Youth Championship 2024"]
[Site "Cambrils"]
[Date "2024.03.24"]
[Round "3.1"]
[White "Garcia Corpas, Nicolas"]
[Black "Ortega Campallo, David"]
[Result "0-1"]
[ECO "B22"]
[WhiteElo "1679"]
[BlackElo "1522"]
[Annotator "NA RC"]
[PlyCount "108"]
[EventDate "2024.03.13"]
[EventType "swiss"]
[EventCountry "ESP"]
[SourceTitle "playchess.com"]
[Source "ChessBase"]
[SourceQuality "1"]
[TimeControl "5400+30"]

1. e4 c5 2. c3 d5 3. e5 Nc6 4. d4 c4 5. Nf3 Bf5 6. Be2 f6 7. O-O fxe5 8. dxe5 e6 9. Be3 Nge7 10. Bc5 Ng6 11. Bxf8 Rxf8 12. Re1 Qc7 13. Bf1 Ngxe5 14. Nxe5 Nxe5 15. Qd4 Ng4 16. g3 Qd7 17. h3 Nxf2 18. Qxf2 Bxb1 19. Qe3 Be4 20. Bxc4 Rf3 21. Qg5 Qe7 22. Qh5+ g6 23. Bb5+ Kd8 24. Qxf3 Bxf3 25. b4 Qd6 26. Kf2 Be4 27. Ba4 Ke7 28. Bb3 Rf8+ 29. Ke2 Qxg3 30. Kd1 Bf3+ 31. Kc2 Be4+ 32. Kb2 a5 33. b5 Qf2+ 34. Ka3 Qc5+ 35. Ka4 Rf4 36. Kxa5 Qa7+ 37. Kb4 Bd3+ 38. c4 Bxc4 39. Kc3 Qa5+ 40. Kb2 Rf2+ 41. Bc2 Bd3 42. Rac1 Rxc2+ 43. Rxc2 Bxc2 44. Rxe6+ Kxe6 45. Kxc2 Qxa2+ 46. Kd3 Qc4+ 47. Ke3 Qe4+ 48. Kd2 Qf3 49. b6 d4 50. h4 Qe3+ 51. Kd1 Qf2 52. h5 d3 53. hxg6 hxg6 54. Kc1 Qc2# 0-1

[Event "Catalan Youth Championship 2024"]
[Site "Cambrils"]
[Date "2024.03.24"]
[Round "3.2"]
[White "Diana Arpa, Carlos"]
[Black "Caballero Mogilnikov, Liam"]
[Result "0-1"]
[ECO "B20"]
[WhiteElo "1522"]
[BlackElo "1659"]
[Annotator "NA RC"]
[PlyCount "66"]
[EventDate "2024.03.13"]
[EventType "swiss"]
[EventCountry "ESP"]
[SourceTitle "playchess.com"]
[Source "ChessBase"]
[SourceQuality "1"]
[TimeControl "5400+30"]

1. e4 c5 2. Nc3 d6 3. g3 Nc6 4. Bg2 e5 5. d3 Nf6 6. f4 g6 7. Nf3 Bg7 8. O-O O-O 9. h3 Nh5 10. Qe1 Nb4 11. Qf2 exf4 12. Bxf4 Nxf4 13. gxf4 Bd7 14. a3 Nc6 15. Rab1 a6 16. Nd5 Be6 17. Ne3 Bd7 18. Nd5 Ne7 19. Qh4 Nxd5 20. Qxd8 Rfxd8 21. exd5 Re8 22. b3 Re2 23. Rf2 Rae8 24. Rbf1 Bh6 25. Ng5 Bg7 26. Rxe2 Rxe2 27. Rf2 Bd4 28. Kf1 Rxf2+ 29. Kg1 Rxf4+ 30. Kh2 Rf2 31. Nf3 Rxc2 32. h4 Bg4 33. a4 Bxf3 0-1